Cogmind - Beta 10.1 @@@ ROGUE MODE // 2020.09.22 @ 14:42:05 Player: spruce Result: Destroyed by D-53 Grenadier with Mini Grenade Launcher Performance ------------- Evolutions (1) 500 Regions Visited (4) 800 Robots Destroyed (17) 85 Value Destroyed (461) 461 Prototype IDs (1) 20 Alien Tech Used (0) 0 Bonus (-27) -27 TOTAL SCORE: 1839 Bonus ------- Friendly Fire -27 Cogmind --------- Core Integrity 0/400 Matter 51/300 Energy 99/100 System Corruption 0% Temperature Cool (0) Movement Core (50) Location -9/Mines Parts ------- > --- POWER (1) -------- (None) > --- PROPULSION (2) --- (None) > --- UTILITY (4) ------ (None) > --- WEAPON (2) ------- (None) > --- INVENTORY (4) ---- High-capacity Storage Unit Sensor Array Signal Interpreter Datajack Peak State ------------ > --- POWER ------------ (None) > --- PROPULSION ------- Aluminum Leg Wheel > --- UTILITY ---------- Small Storage Unit Small Storage Unit High-capacity Storage Unit Hacking Suite > --- WEAPON ----------- Improved Assault Rifle Improved Assault Rifle > --- INVENTORY -------- Sensor Array Signal Interpreter Rocket Launcher Datajack [Rating: 14] Favorites ----------- Power Ion Engine Engine Ion Engine Propulsion Wheel Treads Light Treads Leg Aluminum Leg Wheel Wheel Utility Small Storage Unit Storage Small Storage Unit Hackware Hacking Suite Weapon Assault Rifle Ballistic Gun Assault Rifle Launcher Rocket Launcher Build | -11 -10 -10 -9 -9 ------- Run | Scr Mat Min Mat Min Slots Evolved 2 | . . . 2 . Power . | . . . . . Propulsion . | . . . . . Utility 2 | . . . 2 . Weapon . | . . . . . Parts Attached 19 | 6 1 1 11 . Power 1 | 1 . . . . Engine 1 | 1 . . . . Core . | . . . . . Reactor . | . . . . . Propulsion 5 | 2 1 . 2 . Treads 2 | . . . 2 . Leg 1 | . 1 . . . Wheel 2 | 2 . . . . Hover . | . . . . . Flight . | . . . . . Utility 4 | 1 . 1 2 . Device . | . . . . . Storage 3 | 1 . 1 1 . Processor . | . . . . . Hackware 1 | . . . 1 . Protection . | . . . . . Artifact . | . . . . . Weapon 9 | 2 . . 7 . Energy Gun . | . . . . . Energy Cannon . | . . . . . Ballistic Gun 8 | 2 . . 6 . Ballistic Cannon . | . . . . . Launcher 1 | . . . 1 . Special Weapon . | . . . . . Impact Weapon . | . . . . . Slashing Weapon . | . . . . . Piercing Weapon . | . . . . . Special Melee Weapon . | . . . . . Unidentified Prototypes 1 | . . . 1 . Parts Lost 7 | . 3 . 4 . Power 1 | . 1 . . . Propulsion 2 | . 1 . 1 . Utility . | . . . . . Weapon 4 | . 1 . 3 . Highest Loss Streak 4 | . 3 . 4 . Average Slot Usage (%) 64 | . 77 69 54 . Engine 2 | . 10 . . . Treads 1 | . . . 4 . Leg 8 | . 1 14 7 . Wheel 13 | . 25 14 4 . Storage 19 | . 14 26 15 . Hackware 1 | . . . 5 . Ballistic Gun 17 | . 25 14 17 . Naked Turns 35 | . . . 6 29 Heaviest Build 38 | 13 13 10 38 . Greatest Support 20 | 20 20 10 10 3 Greatest Overweight (x) 12 | 1 . . 12 . Average Overweight (x) . | . . . 1 . Largest Inventory Capacity 16 | 6 6 8 16 4 Average Capacity 8 | 4 6 7 10 4 Most Carried 5 | . 3 4 5 4 Average Carried 3 | . 2 3 4 4 Final Capacity 8 | 6 6 8 4 4 Final Carried 4 | . 3 4 4 4 Class Distribution -------------------- 100% | Mutant Dominant Class ---------------- Mutant | -10/Materials Mutant | -10/Mines Mutant | -9/Materials Mutant | -9/Mines Resources | -11 -10 -10 -9 -9 ----------- Run | Scr Mat Min Mat Min Matter Collected 517 | 187 225 49 56 . Remotely . | . . . . . Salvage Created 561 | . 270 18 273 . Parts 34 | . 13 1 20 . Haulers Intercepted 2 | . . . 2 . Recyclers Shooed 1 | . . . 1 . Parts Field Recycled . | . . . . . Retrieved Matter . | . . . . . Parts Self-Destructed . | . . . . . Prevented . | . . . . . Kills | -11 -10 -10 -9 -9 ------- Run | Scr Mat Min Mat Min Combat Hostiles Destroyed 11 | . 6 . 5 . Guns 9 | . 6 . 3 . AOE 2 | . . . 2 . Classes Destroyed 7 | . 2 1 4 . Worker 1 | . . 1 . . Builder 1 | . . . 1 . Hauler 2 | . . . 2 . Mechanic 1 | . . . 1 . Operator 1 | . 1 . . . Grunt 9 | . 6 . 3 . Sentry 2 | . . . 2 . Best Kill Streak 5 | . 2 1 5 . Combat Bots Only 4 | . 2 . 4 . Max Kills in Single Turn 2 | . 1 1 2 . Gunslinging . | . . . . . Exploded 2 | . . . 2 . Melee . | . . . . . Uniques/NPCs Destroyed . | . . . . . Combat | -11 -10 -10 -9 -9 -------- Run | Scr Mat Min Mat Min Damage Taken 1375 | . 548 . 796 31 Core 616 | . 197 . 388 31 Absorbed by Shields . | . . . . . Core Remaining (%) 60 | 100 . 21 . . Volleys Fired 85 | . 45 7 33 . Largest 2 | . 2 1 2 . Hottest 46 | . 40 20 46 . Shots Fired 128 | . 76 7 45 . Gun 124 | . 76 7 41 . Cannon . | . . . . . Launcher 4 | . . . 4 . Special . | . . . . . Kinetic 124 | . 76 7 41 . Thermal . | . . . . . Explosive 4 | . . . 4 . Electromagnetic . | . . . . . Robot Hit Streak 14 | . 14 3 8 . Robot Miss Streak 3 | . 2 1 3 . Penetration Max . | . . . . . Secondary Targets 2 | . 2 . . . Max Gunslinging Chain 1 | . 1 . . . Shots Hit Robots 79 | . 52 4 23 . Core Hits 35 | . 16 1 18 . Critical Hits 2 | . 1 1 . . Critical Kills . | . . . . . Critical Parts Destroyed 2 | . 1 1 . . Melee Attacks . | . . . . . Impact . | . . . . . Slashing . | . . . . . Piercing . | . . . . . Sneak Attacks . | . . . . . Combat Hostiles . | . . . . . Follow-up Attacks . | . . . . . Damage Inflicted 1380 | . 610 59 711 . Guns 1004 | . 610 59 335 . Cannons . | . . . . . Explosions 375 | . . . 375 . Melee . | . . . . . Ramming 1 | . . . 1 . Kinetic 1004 | . 610 59 335 . Thermal . | . . . . . Explosive 375 | . . . 375 . Electromagnetic . | . . . . . Impact . | . . . . . Slashing . | . . . . . Piercing . | . . . . . Highest Corruption . | . . . . . Average Corruption . | . . . . . Corruption Purged . | . . . . . Overload Shots . | . . . . . Overflow Damage . | . . . . . Projectiles . | . . . . . Explosions . | . . . . . Melee . | . . . . . Knockbacks . | . . . . . Impact . | . . . . . Kinetic . | . . . . . Secondary . | . . . . . Self-Inflicted Damage 119 | . . . 119 . Shots 4 | . . . 4 . Rammed 1 | . . . 1 . Targets Rammed 1 | . . . 1 . Kicked . | . . . . . Crushed . | . . . . . Highest Temperature 15 | . 15 . 2 . Average Temperature 4 | . 6 . 1 . Received Heat Transfer 563 | . 303 . 240 20 Siege Activations . | . . . . . Robots Corrupted . | . . . . . Combat Hostiles . | . . . . . Parts Fried . | . . . . . Impact Corruptions . | . . . . . Robots Melted . | . . . . . Combat Hostiles . | . . . . . Parts Melted . | . . . . . Heat Transferred . | . . . . . Parts Sabotaged . | . . . . . Parts Stolen . | . . . . . Parts Stripped . | . . . . . Power Chain Reactions . | . . . . . Missiles Intercepted . | . . . . . Alert | -11 -10 -10 -9 -9 ------- Run | Scr Mat Min Mat Min Peak Influence 155 | . 155 65 151 84 Initial 60 | . . 60 . 54 Average 57 | . 59 61 58 63 Maximum Alert Level . | . . . . . Low Security (%) 100 | 100 100 100 100 100 Level 1 . | . . . . . Level 2 . | . . . . . Level 3 . | . . . . . Level 4 . | . . . . . Level 5 . | . . . . . High Security . | . . . . . Max Security . | . . . . . Squads Dispatched 4 | . 3 . 1 . Investigation . | . . . . . Extermination . | . . . . . Reinforcement 4 | . 3 . 1 . Assault . | . . . . . Garrison . | . . . . . Intercept . | . . . . . Construction Impeded 1 | . . . 1 . Haulers Reinforced . | . . . . . Stealth | -11 -10 -10 -9 -9 --------- Run | Scr Mat Min Mat Min Distress Signals 2 | . 1 . 1 . Communications Jammed . | . . . . . Distress Signals . | . . . . . Times Spotted 43 | . 17 . 15 11 Peak Tracking Total 14 | . 8 . 8 14 Tactical Retreats 2 | . . . 1 1 Traps | -11 -10 -10 -9 -9 ------- Run | Scr Mat Min Mat Min Traps Triggered 3 | . . . 3 . Indirectly . | . . . . . Trap Hack Attempts . | . . . . . Triggered . | . . . . . Disarmed . | . . . . . Reprogrammed . | . . . . . Reused . | . . . . . Traps Extracted . | . . . . . Installed . | . . . . . Triggered . | . . . . . Machines | -11 -10 -10 -9 -9 ---------- Run | Scr Mat Min Mat Min Machines Disabled . | . . . . . Max in Single Turn . | . . . . . Machines Sabotaged . | . . . . . Garrisons Compromised . | . . . . . Overloaded Fab Kills . | . . . . . Fab Network Shutdowns . | . . . . . Hacking | -11 -10 -10 -9 -9 --------- Run | Scr Mat Min Mat Min Machines Accessed 2 | . 1 . 1 . Terminals 2 | . 1 . 1 . Fabricators . | . . . . . Repair Stations . | . . . . . Recycling Units . | . . . . . Scanalyzers . | . . . . . Garrison Access . | . . . . . Total Hacks 4 | . 2 . 2 . Successful 3 | . 1 . 2 . Failed 1 | . 1 . . . Catastrophic . | . . . . . Database Lockouts . | . . . . . Manual 2 | . . . 2 . Terminals 4 | . 2 . 2 . Fabricators . | . . . . . Repair Stations . | . . . . . Recycling Units . | . . . . . Scanalyzers . | . . . . . Garrison Access . | . . . . . Terminal Hacks 2 | . 1 . 1 . Branch Access Points 1 | . . . 1 . Zone Layout 1 | . 1 . . . Fabricator Hacks . | . . . . . Repair Station Hacks . | . . . . . Recycling Unit Hacks . | . . . . . Scanalyzer . | . . . . . Garrison Access Hacks . | . . . . . Unauthorized Hacks 1 | . . . 1 . Terminals 1 | . . . 1 . Botnet 1 | . . . 1 . Fabricators . | . . . . . Repair Stations . | . . . . . Recycling Units . | . . . . . Scanalyzers . | . . . . . Garrison Access . | . . . . . Data Cores Recovered . | . . . . . Used . | . . . . . Hacking Detections 2 | . 1 . 1 . Full Trace Events . | . . . . . Feedback Events . | . . . . . Feedback Blocked . | . . . . . Robot Schematics Acquired . | . . . . . Robots Built . | . . . . . Matter . | . . . . . Time . | . . . . . Total Robot Build Rating . | . . . . . Part Schematics Acquired . | . . . . . Parts Built . | . . . . . Matter . | . . . . . Time . | . . . . . Total Part Build Rating . | . . . . . Parts Repaired . | . . . . . Time . | . . . . . Parts Recycled . | . . . . . Recycled Matter . | . . . . . Retrieved Matter . | . . . . . Retrieved Components . | . . . . . Parts Scanalyzed . | . . . . . Part Schematics Acquired . | . . . . . Parts Damaged . | . . . . . Bothacking | -11 -10 -10 -9 -9 ------------ Run | Scr Mat Min Mat Min Used RIF Installer . | . . . . . Robots Hacked . | . . . . . Non-combat . | . . . . . Combat . | . . . . . Robot Hacks Applied . | . . . . . Relay Couplers Released . | . . . . . Robots Rewired . | . . . . . Allies Hacked . | . . . . . Hacks Repelled . | . . . . . Allies | -11 -10 -10 -9 -9 -------- Run | Scr Mat Min Mat Min Total Allies . | . . . . . Largest Group . | . . . . . Highest-Rated Group . | . . . . . Highest-Rated Ally . | . . . . . Total Orders . | . . . . . Ally Attacks . | . . . . . Total Damage . | . . . . . Kills . | . . . . . Allies Corrupted . | . . . . . Allies Melted . | . . . . . Intel | -11 -10 -10 -9 -9 ------- Run | Scr Mat Min Mat Min Robot Analysis Total . | . . . . . Derelict Logs Recovered 2 | . . 2 . . Drone Launches . | . . . . . Drone Recoveries . | . . . . . Exploration | -11 -10 -10 -9 -9 ------------- Run | Scr Mat Min Mat Min Turns Passed 1076 | 46 244 419 338 29 Spaces Moved 706 | 44 139 336 130 57 Core 88 | 13 . . 18 57 Treads . | . . . . . Legs 460 | . 12 336 112 . Wheels 158 | 31 127 . . . Hover . | . . . . . Flight . | . . . . . Fastest Speed 50 | 50 80 120 50 50 Average Speed 115 | 76 83 120 179 50 Slowest Speed 650 | 100 120 120 650 50 Overloaded Moves . | . . . . . Propulsion Burnouts . | . . . . . Robots Hopped . | . . . . . Cave-ins Triggered . | . . . . . Exploration Rate (%) 33 | 3 38 86 21 18 Regions Visited 4 Branch Regions 2 Pre-discovered Areas . | . . . . . Known Exits Taken 1 | . . . 1 . Unknown Exits Taken 3 | 1 1 1 . . Scrap Searched 1 | . . 1 . . Spaces Dug . | . . . . . Terrain Destroyed 28 | . . . 28 . Melee . | . . . . . Projectile . | . . . . . AOE 28 | . . . 28 . Terrain Rammed . | . . . . . Walls Destroyed . | . . . . . Machines Disabled . | . . . . . Actions | -11 -10 -10 -9 -9 --------- Run | Scr Mat Min Mat Min Total 827 | 52 190 344 184 57 Wait 6 | 3 3 . . . Move 702 | 43 138 335 129 57 Hop . | . . . . . Pick Up 8 | . 3 1 4 . Fast Attach 15 | 6 1 1 7 . Attach 4 | . . . 4 . Detach 1 | . . . 1 . Swap . | . . . . . Drop 5 | . . . 5 . Fire 85 | . 45 7 33 . Melee . | . . . . . Ram 1 | . . . 1 . Kick . | . . . . . Crush . | . . . . . Escape Stasis . | . . . . . Rewire . | . . . . . Trap . | . . . . . Miscellaneous . | . . . . . Route ------- -11/Scrapyard -10/Materials -10/Mines (discovered 2 exits: *Mat x2) -9/Materials (discovered 5 exits: Mat / *Min x2 / Sto x2) -9/Mines History --------- Turn | Location | Event 6 | -11/Scrapyard | Discovered new exit (range 15) 47 | -11/Scrapyard | Entered Materials 251 | -10/Materials | Core integrity fell below 50% 266 | -10/Materials | Discovered new exit (range 11) 279 | -10/Materials | Lost 3 parts (1p1n1w) 291 | -10/Materials | Entered Mines 304 | -10/Mines | Build established: Mutant 310 | -10/Mines | Met a Derelict bent on vengeance 507 | -10/Mines | Received a Rocket Launcher from a helpful Derelict 548 | -10/Mines | Discovered new exit (range 5) 632 | -10/Mines | Learned location of 1 exit from Materials 636 | -10/Mines | Learned Materials stockpile data 692 | -10/Mines | Discovered new exit (range 10) 710 | -10/Mines | Entered Materials 710 | -9/Materials | Evolved 2 slots: Utility x2 711 | -9/Materials | Identified exit to Materials 801 | -9/Materials | Identified exit to Mines 801 | -9/Materials | Identified exit to Storage 1002 | -9/Materials | Core integrity fell below 50% 1036 | -9/Materials | Core integrity fell below 20% 1048 | -9/Materials | Entered Mines 1053 | -9/Mines | Assembled infested the area 1058 | -9/Mines | Assisted by a Guerilla fighting off Assembled 1069 | -9/Mines | Lost 4 parts (1n3w) 1077 | -9/Mines | Destroyed by D-53 Grenadier with Mini Grenade Launcher Last Messages --------------- 01020_ R-06 Scavenger collects Imp. Assault Rifle. 01021_ R-06 Scavenger collects Med. Storage Unit. 01021_ U-05 Engineer lays Concrete. 01025_ ALERT: Construction progress impeded, dispatching reinforcements to local area. 01027_ R-06 Scavenger collects Aluminum Leg. 01038_ Imp. Assault Rifle destroyed. LOCATION=MINES GOAL=ESCAPE 01049_ K-01 Serf collects debris. 01051_ K-01 Serf cleans the Seismic Survey Station. 01053_ ALERT: Infestation in the mines, dispatching Demolisher response squad. 01053_ K-01 Serf collects debris. 01067_ IX-IZG(h): "I'll hold them off! Go on ahead or try to find another way!" 01069_ HV Slug penetrates as-43187. 01069_ as-43187 suffers critical hit. 01069_ as-43187 destroyed. 01077_ as-12731 destroyed. Map ----- +----------------------------------------------------+ | # # """ #?????????????????????????????? | | ## #?????????????????????????????? | | ## """ """ #?????????????????????????????? | | ## """ """ #?????????????????????????????? | | # ## """ """ #?????????????????????????????? | | # ## #?????????????????????????????? | | #[ ! ###### ####?????????????????????????????? | | ?# ! #### #????????????????????????????????? | | ?# ## #????????????????????????????????? | | ?# ### ## #????????????????????????????????? | | ?# #?# ## #????????????????????????????????? | | ?# #?# ### #????????????????????????????????? | | ?# #?## ##?# #????????????????????????????????? | | ?# #??# ##??# #????????????????????????????????? | | ?# #??# #???# #????????????????????????????????? | | ?# #??# #???# #????????????????????????????????? | | ?# ??# ##### #????????????????????????????????? | | ?# ??# ########?????????????????????????? | | ?## ??####### $ #?????????????????????????? | | ??? ????????##%###### #?????????????????????????? | | ???" ????????#" #????# #?????????????????????????? | | ??? ??????? #????# #?????????????????????????? | | ???# ??????######????# ####??????????????????????? | | ???? ????????????????# #??????????????????????? | | ?????????????????????### #??????????????????????? | | ???????????????????????# @ ??????????????????????? | | ???????????????????????# % ?????????????????????? | | ?????????????????????? a ???????????????????? | | ?????????????????????##### ?????????????????? | | ??????????????????????????### ##????????????????? | | ?????????????????????????????###?????????????????? | | ?????????????????????????????????????????????????? | | ?????????????????????????????????????????????????? | | ?????????????????????????????????????????????????? | | ?????????????????????????????????????????????????? | | ?????????????????????????????????????????????????? | | ?????????????????????????????????????????????????? | | ?????????????????????????????????????????????????? | | ?????????????????????????????????????????????????? | | ?????????????????????????????????????????????????? | | ?????????????????????????????????????????????????? | | ?????????????????????????????????????????????????? | | ?????????????????????????????????????????????????? | | ?????????????????????????????????????????????????? | | ?????????????????????????????????????????????????? | | ?????????????????????????????????????????????????? | | ?????????????????????????????????????????????????? | | ?????????????????????????????????????????????????? | | ?????????????????????????????????????????????????? | | ?????????????????????????????????????????????????? | +----------------------------------------------------+ Best States ------------- Heat Dissipation 28 Energy Generation 10 Energy Capacity 250 Matter Stores 256 Matter Capacity 300 Sight Range 16 Terrain Scan Density 10 Evasion (%) 50 Offensive Hacking 10 Item Schematics ----------------- None Robot Schematics ------------------ None Fabricated ------------ Nothing Alien Tech Used ----------------- None Achievements -------------- None Challenges ------------ None Game ------ Seed StorageSupersonicKatana Manual? 0 Play Time 00:07:41 Cumulative 188.5 hours Start 2020.09.22 @ 13:53:13 End 2020.09.22 @ 14:42:05 Sessions 4 Manual Loads 0 Difficulty Rogue Special Mode None Game No. 238 Rogue 238 Adventurer 0 Explorer 0 Win Type - Total 10 Types 2/3/0/1/1/3/0/0/0 Lore% 92 Gallery% 91 Achievement% 72 Wizard Run 0 Options --------- ASCII 0 Keyboard 0 Movement Mouse Keybinds 0 Fullscreen 1 Font 24/Smallcaps Map View 76x50 Tactical HUD 1 Map Filters NONE Filters NONE Steam 1 RUN: 53f97f90-275c-4588-b1f8-a04016d4fcf4